 Dungeon Crawl Stone Soup version 0.29-a0-813-g4a14ea37d6 (webtiles) character file.

Game seed: 13471183390583274652

8 polve the Chopper (level 2, -1/22 HPs)
             Began as a Demonspawn Gladiator on July 4, 2022.
             Was a Follower of Qazlal.
             Slain by a hobgoblin (4 damage)
             ... on level 1 of the Dungeon.
             The game lasted 00:00:30 (990 turns).

polve the Chopper (Demonspawn Gladiator)             Turns: 990, Time: 00:00:31

Health: -1/22      AC:  4    Str: 14    XL:     2   Next: 0%
Magic:  2/2        EV: 12    Int:  9    God:    Qazlal [*.....]
Gold:   38         SH:  1    Dex: 14    Spells: 1/1 levels left

rFire   . . .      SeeInvis .   a - +0 war axe
rCold   . . .      Faith    .   (no shield)
rNeg    . . .      Spirit   .   b - +0 leather armour
rPois   .          Reflect  .   c - +0 helmet
rElec   .          Harm     .   (no cloak)
rCorr   .          Rampage  .   (no gloves)
Will    .....                   (no boots)
Stlth   +.........              (no amulet)
HPRegen 0.07/turn               (no ring)
MPRegen 0.08/turn               (no ring)

@: no status effects
A: claws 1
a: Renounce Religion


You were on level 1 of the Dungeon.
You worshipped Qazlal.
Qazlal was aware of your devotion.
You visited 1 branch of the dungeon, and saw 1 of its levels.

You collected 38 gold pieces.

Inventory:

Hand Weapons
 a - a +0 war axe (weapon)
Missiles
 d - 3 throwing nets (quivered)
 e - a javelin
Armour
 b - a +0 leather armour (worn)
 c - a +0 helmet (worn)
Scrolls
 f - a scroll of blinking {unknown}
 g - a scroll of enchant armour {unknown}
 i - a scroll of noise {unknown}
Potions
 h - a potion of might {unknown}


   Skills:
 - Level 2.0 Fighting
 + Level 3.2 Axes
 - Level 1.7 Throwing
 - Level 2.6 Dodging


You had one spell level left.
You didn't know any spells.
Your spell library was empty.

Dungeon Overview and Level Annotations

Branches:
Dungeon (1/15)

Altars:
Qazlal


Innate Abilities, Weirdness & Mutations

You have sharp fingernails.


Message History

The frilled lizard moves out of view.
The kobold hits you with a +0 dagger.
You are too injured to fight recklessly!
You are too injured to fight recklessly!
You are too injured to fight recklessly!
You are too injured to fight recklessly!
A kobold is nearby!
You slash the kobold!
You kill the kobold!
Qazlal accepts your kill.
Found 10 gold pieces.
Things that are here:
a +0 dagger; 2 stones A frilled lizard is nearby!
A frilled lizard is nearby!
A frilled lizard is nearby!
You are too injured to fight recklessly!
You are too injured to fight recklessly!
You are too injured to fight recklessly!
You are too injured to fight recklessly!
A hobgoblin and an endoplasm come into view.
The hobgoblin shouts!
An endoplasm comes into view.
A goblin comes into view. It is wielding a +0 club.
The goblin shouts!
The frilled lizard hisses angrily.
The teleport trap disappears.
The endoplasm disappears!
The frilled lizard bites you. The hobgoblin hits you.
You hit the hobgoblin but do no damage. You closely miss the frilled lizard.
The frilled lizard is engulfed in freezing vapours.
The frilled lizard seems to slow down.
You kill the frilled lizard!
Qazlal accepts your kill. The hobgoblin hits you.
The goblin hits you with a +0 club.
* * * LOW HITPOINT WARNING * * *
The hobgoblin completely misses you.
You have reached level 2!
Your demonic ancestry asserts itself...
Your fingernails lengthen.
The hobgoblin attacks as you move away! The hobgoblin hits you.
You die...

....##########
.............##
...............
..............
###......$.....
#..............
#...Jgg......
#....@.......
#.....ยง...... ....
#.................
#..........##...#
#)##.########...#
#.##.# #......#
#.####.##.#####......#
......................#
.................>....#


You could see an endoplasm, a hobgoblin and a goblin.

Vanquished Creatures
  2 endoplasms (D:1)
  A kobold (D:1)
  A quokka (D:1)
  A ball python (D:1)
  A bat (D:1)
  A frilled lizard (D:1)
  A rat (D:1)
8 creatures vanquished.

Notes
Turn   | Place    | Note
-------+----------+-------------------------------------------
     0 | D:1      | polve the Demonspawn Gladiator began the quest for the Orb.
     0 | D:1      | Reached XP level 1. HP: 16/16 MP: 1/1
   646 | D:1      | Reached skill level 3 in Axes
   664 | D:1      | Found a faded altar of an unknown god.
   819 | D:1      | Prayed at the altar of an unknown god.
   819 | D:1      | Became a worshipper of Qazlal Stormbringer
   819 | D:1      | Reached * piety under Qazlal
   990 | D:1      | Gained mutation: You have sharp fingernails. [demonic
                  | ancestry]
   990 | D:1      | Reached XP level 2. HP: 3/22 MP: 2/2
   990 | D:1      | Slain by a hobgoblin

Illustrated notes

Levels and vault maps discovered:
D:1:      evilmike_arrival_hilbert_curve, layout_basic,
          nicolae_ecumenical_snake_handling, item_on_display_a

Skill      XL: |  1 |
---------------+----+-----
Axes           | 3 |  3.2
Fighting       | |  2.0
Throwing       | |  1.7
Dodging        | |  2.6

Action                   || total
-------------------------++-------
Melee: War axe           ||    14
Armor: Leather armour    ||     5
Dodge: Dodged            ||     9

Table legend: (Time is in decaauts)
 A = Elapsed time spent in this place.
 B = Non-inter-level travel time spent in this place.
 C = Inter-level travel time spent in this place.
 D = Time resting spent in this place.
 E = Time spent auto-exploring this place.
 F = Levels seen in this place.
 G = Mean time per level.
                   A        B        C        D        E       F      G
               +--------+--------+--------+--------+--------+-----+--------+
         Total |    995 |    965 |     30 |      0 |    899 |   1 |  995.0 |
       Dungeon |    995 |    965 |     30 |      0 |    899 |   1 |  995.0 |
               +--------+--------+--------+--------+--------+-----+--------+

Top non-repeatable levels by time:
     D:1: 995 daAuts
